Map: Efemeryda ER

Players

Terminator - Winner!

  • Race: Terran Terran
  • League: Diamond
  • Spawn Location: 5:00

Legol

  • Race: Protoss Protoss
  • League: Platinum
  • Spawn Location: 11:00

VOD

Have the link to the VOD?

Description

Time

  • Played on: Jan. 8, 2020, 3:20 p.m.
  • Length: 4:40
Show
View Real Time Build Order
Export as new Build Order

Terminator Terran - Winner!

Build Orders:  

Get SALT Encoding   

  12  0:01  SCV  
  13  0:13  SCV  
  14  0:25  SCV  
  14  0:28  Supply Depot  
  15  0:49  SCV  
  16  0:58  Barracks  
  16  1:02  Barracks  
  16  1:03  SCV  
  17  1:18  SCV  
  18  1:33  SCV  
  18  1:34  Barracks  
  19  1:46  Orbital Command, Marine  
  20  1:48  Marine  
  20  1:51  Supply Depot  
  21  2:01  Barracks  
  21  2:04  Marine  
  21  2:06  Marine  
  23  2:23  Marine x2  
  23  2:24  Marine  
  26  2:41  Marine x2  
  26  2:42  SCV, Marine  
  30  2:50  Marine  
  31  3:13  Marine  
  31  3:18  Marine  
  31  3:19  Marine  
  31  3:21  Marine  
  31  3:36  Marine  
  31  3:37  Marine  
  30  4:00  Marine x2  
  30  4:01  Marine  
  29  4:17  SCV  
Show
View Real Time Build Order
Export as new Build Order

Legol Protoss 

Build Orders:  

Get SALT Encoding   

  12  0:01  Probe  
  13  0:13  Probe  
  14  0:19  Pylon  
  14  0:25  Probe  
  15  0:37  Probe  
  15  0:40  Gateway  
  16  0:49  Probe (Chrono Boost)  
  17  0:53  Assimilator  
  17  0:59  Probe (Chrono Boost)  
  17  1:04  Probe (Chrono Boost)  
  19  1:16  Probe  
  20  1:28  Probe  
  21  1:33  Cybernetics Core  
  21  1:35  Pylon  
  21  1:40  Probe  
  22  1:49  Gateway  
  22  1:52  Probe  
  23  1:55  Assimilator  
  23  2:04  Probe  
  24  2:10  Shield Battery  
  24  2:11  Stalker (Chrono Boost)  
  24  2:14  Warp Gate  
  25  2:16  Probe  
  26  2:25  Gateway  
  26  2:26  Shield Battery  
  26  2:35  Stalker (Chrono Boost)  
  28  2:50  Stalker (Chrono Boost)  
  30  2:53  Probe  
  31  3:02  Pylon  
  31  3:21  Stalker (Chrono Boost)  
  31  3:26  Stalker (Chrono Boost)  
  19  3:42  Stalker (Chrono Boost)  
  8  4:08  Stalker  
  5  4:26  Stalker  
Tags
 
Add a new tag
Caveats
  • Supply blocks, unpowered buildings, or Contaminate may cause inaccurate times.
  • Supply counts are checked every 10 seconds.